 Dungeon Sprint DCSS version 0.18.1-48-g4cf74bf (webtiles) character file.

268 Gingerlord the Shield-Bearer (level 6, -6/53 HPs)
             Began as a Formicid Fighter on July 7, 2016.
             Was a Follower of Makhleb.
             Mangled by a hill giant
             ... wielding a +0 giant spiked club
              (32 damage)
             ... in the Dungeon (Sprint IX: "|||||||||||||||||||||||||||||").
             The game lasted 00:01:46 (425 turns).

Gingerlord the Shield-Bearer (Formicid Fighter)      Turns: 425, Time: 00:01:47

Health: -6/53      AC:  7    Str: 21    XL:     6   Next: 45%
Magic:  7/8        EV: 14    Int: 10    God:    Makhleb [*.....]
Gold:   0          SH: 11    Dex: 16    Spells: 0 memorised, 5 levels left

rFire  + + .     SeeInvis +     o - +4 quarterstaff of the Four Lies {crush, *Noise rF++ Dex+4}
rCold  . . .     Gourm    .     b - +0 scale mail
rNeg   . . .     Faith    .     c - +0 shield
rPois  .         Spirit   .     (helmet unavailable)
rElec  .         Dismiss  .     (no cloak)
rCorr  .         Reflect  .     (no gloves)
SustAt .         Harm     .     (no boots)
MR     .....                    (no amulet)
Stlth  ..........               q - +3 ring of intelligence
                                p - +2 ring of evasion

@: lethally poisoned (-6 -> -8), not resistant to hostile enchantments,
extremely unstealthy
A: permanent stasis, dig shafts and tunnels, four strong arms, antennae 3
a: Dig, Renounce Religion


You were in the Dungeon.
You worshipped Makhleb.
Makhleb was aware of your devotion.
You were not hungry.

You visited 1 branch

Inventory:

Hand Weapons
 a - a +0 long sword
 o - the +4 quarterstaff of the Four Lies (weapon) {crush, *Noise rF++ Dex+4}
   (You found it in the Dungeon)

   It inflicts extra damage upon your enemies.
   It affects your dexterity (+4).
   It greatly protects you from fire.
   It may make noises in combat.
Armour
 b - a +0 scale mail (worn)
 c - a +0 shield (worn)
Jewellery
 p - a +2 ring of evasion (left hand)
 q - a +3 ring of intelligence (right hand)
Wands
 n - a wand of lightning (7/15)
Scrolls
 l - 3 scrolls of remove curse
 m - 2 scrolls of amnesia
Potions
 d - a potion of invisibility
 e - 5 potions of curing
 g - 2 potions of heal wounds
 i - 4 potions of magic
Comestibles
 f - a bread ration


   Skills:
 + Level 6.8 Fighting
 - Level 5.2 Long Blades
 * Level 2.2 Staves
 + Level 6.7 Armour
 + Level 4.7 Dodging
 + Level 7.4 Shields
 * Level 2.8 Invocations


You had 5 spell levels left.
You didn't know any spells.

Dungeon Overview and Level Annotations

Branches:
Dungeon (1/1)

Altars:
Cheibriados
Dithmenos
Elyvilon
Fedhas
Gozag
Kikubaaqudgha
Makhleb
Nemelex Xobeh
Okawaru
Pakellas
Qazlal
Ru
Sif Muna
Trog
Vehumet
Xom
Yredelemnul
Zin
The Shining One
Beogh
Jiyva
Lugonu


Innate Abilities, Weirdness & Mutations

You are under a permanent stasis effect.
You can dig through walls and to a lower floor.
Your four strong arms can wield two-handed weapons with a shield.
You have a pair of large antennae on your head (SInv).


Message History

You sock the hill giant!
The hill giant is heavily wounded.
You block the hill giant's attack.
You hit the hill giant.
The hill giant is heavily wounded.
You feel sick.
The hill giant hits you with a giant spiked club!!
Ouch! That really hurt!
* * * LOW HITPOINT WARNING * * *
Drink which item? (? for menu, Esc to quit)
You feel much better.
You barely miss the hill giant.
The hill giant is heavily wounded.
You feel sick.
The hill giant hits you with a giant spiked club.
You hit the hill giant.
The hill giant is heavily wounded.
The hill giant hits you with a giant spiked club!!
Ouch! That really hurt!
You die... ▓▓▓▓▓▓▓▓▓▓▓▓▓▓▓▓▓▓▓▓▓▓▓▓ ______'..|)[[[.?@C5aT..+ ▓▓▓▓▓▓▓▓▓▓▓▓▓▓▓▓▓▓▓▓▓▓▓▓ {{{{{{{{ {{{{{{{{

You could see a hill giant, a troll, a worker ant and a quasit.

Vanquished Creatures
  A sky beast (D)
  An ogre (D)
  A killer bee (D)
  A quasit (D)
  A shadow imp (D)
  A giant gecko (D)
  A ball python (D)
  3 hobgoblins (D)
  A jackal (D)
  A rat (D)
12 creatures vanquished.

Notes
Turn   | Place    | Note
--------------------------------------------------------------
     0 | D        | Gingerlord the Formicid Fighter began the quest for the Orb.
     0 | D        | Reached XP level 1. HP: 18/18 MP: 1/1
    13 | D        | Reached skill level 1 in Dodging
    20 | D        | Reached skill level 4 in Shields
    23 | D        | Reached XP level 2. HP: 12/25 MP: 2/2
   197 | D        | Noticed a sky beast
   197 | D        | Noticed an ogre
   208 | D        | Killed a sky beast
   208 | D        | Reached skill level 5 in Fighting
   208 | D        | Reached skill level 5 in Armour
   208 | D        | Reached skill level 6 in Shields
   208 | D        | Reached XP level 3. HP: 24/33 MP: 3/3
   208 | D        | Reached XP level 4. HP: 28/39 MP: 4/4
   208 | D        | Reached XP level 5. HP: 32/44 MP: 5/5
   214 | D        | Killed an ogre
   214 | D        | Reached skill level 5 in Long Blades
   214 | D        | Reached skill level 7 in Shields
   214 | D        | Reached XP level 6. HP: 29/53 MP: 6/6
   365 | D        | Found a glowing silver altar of Zin.
   365 | D        | Found a glowing golden altar of the Shining One.
   365 | D        | Found an ancient bone altar of Kikubaaqudgha.
   365 | D        | Found a basalt altar of Yredelemnul.
   365 | D        | Found a shimmering altar of Xom.
   365 | D        | Found a radiant altar of Vehumet.
   366 | D        | Found an iron altar of Okawaru.
   367 | D        | Found a burning altar of Makhleb.
   368 | D        | Found a deep blue altar of Sif Muna.
   369 | D        | Found a bloodstained altar of Trog.
   370 | D        | Found a sparkling altar of Nemelex Xobeh.
   371 | D        | Found a white marble altar of Elyvilon.
   372 | D        | Found a roughly hewn altar of Beogh.
   373 | D        | Found a viscous altar of Jiyva.
   374 | D        | Found a corrupted altar of Lugonu.
   375 | D        | Became a worshipper of Makhleb the Destroyer
   376 | D        | Found a blossoming altar of Fedhas.
   377 | D        | Found a snail-covered altar of Cheibriados.
   378 | D        | Found a shadowy altar of Dithmenos.
   379 | D        | Found a stormy altar of Qazlal.
   380 | D        | Found an opulent altar of Gozag.
   381 | D        | Found a sacrificial altar of Ru.
   382 | D        | Found an oddly glowing altar of Pakellas.
   399 | D        | Got the +4 quarterstaff of the Four Lies {crush, *Noise rF++ Dex+4}
   413 | D        | Noticed a hill giant
   413 | D        | Noticed a troll
   414 | D        | Reached skill level 1 in Staves
   414 | D        | Reached skill level 1 in Invocations
   418 | D        | Reached * piety under Makhleb
   425 | D        | Mangled by a hill giant

Skill      XL: |  1  2  3  4  5  6 |
---------------+-------------------+-----
Dodging        | 1 3 4 |  4.7
Shields        | 4 6 7 |  7.4
Fighting       | 5 6 |  6.8
Long Blades    | 4 5 |  5.2
Armour         | 5 6 |  6.7
Staves         | 2 |  2.2
Invocations    | 2 |  2.8

Action                   |  1- 3 |  4- 6 || total
-------------------------+-------+-------++-------
Melee: Long sword        |    33 |    11 ||    44
       Quarterstaff      |       |    10 ||    10
  Use: Potion            |     1 |     1 ||     2
Armor: Scale mail        |    11 |     3 ||    14
Dodge: Dodged            |     6 |     7 ||    13
Block: Shield            |    16 |    12 ||    28
